SA
CONNETQUOT CHIEFS @ GRIM REAPERS
05/09/2030
 
TOP OF THE 1ST
Connetquot Chiefs batting - Pitching for Grim Reapers : RHP Manny Sandoval
Pitching: RHP Manny Sandoval
Batting: LHB Govaart Pleijt 0-0: Ball
1-0: SINGLE (Line Drive, 4MD)
Batting: RHB Domingo Morín 0-0: Ball
1-0: Foul Ball, location: 2F
1-1: Ball
2-1: 2-RUN HOME RUN (Flyball, 78XD), Distance : 437 ft
Batting: RHB Heherson Inaris 0-0: Ball
1-0: Ball
2-0: Ball
3-0: Base on Balls
Batting: RHB Dan Chrzan 0-0: Ball
1-0: Ball
2-0: Ball
3-0: Called Strike
3-1: Base on Balls
Heherson Inaris to second
Batting: LHB Brad Mosley 0-0: Ball
1-0: Swinging Strike
1-1: SINGLE (Line Drive, 8RS)
Heherson Inaris to third
Dan Chrzan to second
Runner from 3rd tries for Home, SAFE, no throw
Batting: RHB Héctor Amaya 0-0: DOUBLE (Flyball, 78D)
Dan Chrzan scores
Brad Mosley to third
Batting: LHB Travis Grigor 0-0: Ball
1-0: Ground out 4-3 (Groundball, 34D)
Brad Mosley scores
Héctor Amaya to third
Batting: LHB Carlos Campos 0-0: SINGLE (Groundball, 34D)
Héctor Amaya scores
Batting: RHB Jeff Perkins 0-0: Ball
1-0: Foul Ball, location: 2F
1-1: Ball
2-1: Fly out, F8 (Line Drive, 8RD)
Batting: LHB Govaart Pleijt 0-0: Called Strike
0-1: Foul Ball, location: 2F
0-2: Ball
1-2: SINGLE (Groundball, 5D)
Carlos Campos to second
Batting: RHB Domingo Morín 0-0: Fly out, F9 (Flyball, 89D)
Top of the 1st over - 6 runs, 6 hits, 0 errors, 2 left on base; Connetquot 6 - Grim 0
BOTTOM OF THE 1ST
Grim Reapers batting - Pitching for Connetquot Chiefs : RHP Ed Molloy
Pitching: RHP Ed Molloy
Batting: RHB Dolla Head 0-0: Ball
1-0: Foul Ball, location: 2F
1-1: Ball
2-1: Fly out, F9 (Flyball, 9S)
Batting: LHB Glen Allen Mixon 0-0: Ball
1-0: Called Strike
1-1: Swinging Strike
1-2: Ground out 5-3 (Groundball, 2L)
Batting: RHB Milos Jaksch 0-0: Ball
1-0: Foul Ball, location: 2F
1-1: Called Strike
1-2: Foul Ball, location: 2F
1-2: Ball
2-2: Foul Ball, location: 2F
2-2: Hit by Pitch
Batting: RHB Mun-wah Law 0-0: Called Strike
0-1: Swinging Strike
0-2: Ball
1-2: Strikes out swinging
Bottom of the 1st over - 0 runs, 0 hits, 0 errors, 1 left on base; Connetquot 6 - Grim 0
TOP OF THE 2ND
Connetquot Chiefs batting - Pitching for Grim Reapers : RHP Manny Sandoval
Batting: RHB Heherson Inaris 0-0: Called Strike
0-1: Ball
1-1: Swinging Strike
1-2: Strikes out looking
Batting: RHB Dan Chrzan 0-0: Called Strike
0-1: Ball
1-1: Foul Ball, location: 2F
1-2: Fly out, F5 (Popup, P)
Batting: LHB Brad Mosley 0-0: Called Strike
0-1: Ball
1-1: Foul Ball, location: 2F
1-2: Strikes out swinging
Top of the 2nd over - 0 runs, 0 hits, 0 errors, 0 left on base; Connetquot 6 - Grim 0
BOTTOM OF THE 2ND
Grim Reapers batting - Pitching for Connetquot Chiefs : RHP Ed Molloy
Batting: RHB Mason Congdon 0-0: Foul Ball, location: 2F
0-1: Fly out, F9 (Flyball, 9LSF)
Batting: SHB Fernando Rincón 0-0: Ball
1-0: Called Strike
1-1: Fly out, F6 (Line Drive, 6)
Batting: RHB Keohi Iese 0-0: Ball
1-0: Ball
2-0: Ball
3-0: Base on Balls
Batting: RHB Harlan Thompson 0-0: Called Strike
0-1: Swinging Strike
0-2: Strikes out swinging
Bottom of the 2nd over - 0 runs, 0 hits, 0 errors, 1 left on base; Connetquot 6 - Grim 0
TOP OF THE 3RD
Connetquot Chiefs batting - Pitching for Grim Reapers : RHP Manny Sandoval
Batting: RHB Héctor Amaya 0-0: Called Strike
0-1: Ball
1-1: Swinging Strike
1-2: SINGLE (Groundball, 6D)
Batting: LHB Travis Grigor 0-0: Ball
1-0: Fly out, F7 (Line Drive, 7D)
Batting: LHB Carlos Campos 0-0: Ball
1-0: Ball
2-0: Called Strike
2-1: Ball
3-1: Foul Ball, location: 2F
3-2: Foul Ball, location: 2F
3-2: SINGLE (Line Drive, 8RS)
Héctor Amaya to second
Batting: RHB Jeff Perkins 0-0: Ball
1-0: Foul Ball, location: 2F
1-1: Swinging Strike
1-2: Foul Ball, location: 2F
1-2: Foul Ball, location: 2F
1-2: Ball
2-2: Foul Ball, location: 2F
2-2: Foul Ball, location: 2F
2-2: Foul Ball, location: 2F
2-2: Ball
3-2: Base on Balls
Héctor Amaya to third
Carlos Campos to second
Batting: LHB Govaart Pleijt 0-0: Foul Ball, location: 2F
0-1: Ball
1-1: Swinging Strike
1-2: Strikes out looking
Batting: RHB Domingo Morín 0-0: Fielders Choice at 2nd, 6-4 (Groundball, 6)
Top of the 3rd over - 0 runs, 2 hits, 0 errors, 3 left on base; Connetquot 6 - Grim 0
BOTTOM OF THE 3RD
Grim Reapers batting - Pitching for Connetquot Chiefs : RHP Ed Molloy
Batting: RHB Joe Rodgers 0-0: Called Strike
0-1: Ball
1-1: Called Strike
1-2: Ball
2-2: Fly out, F9 (Flyball, 89S)
Batting: RHB Dolla Head 0-0: Ball
1-0: Fly out, F7 (Line Drive, 7)
Batting: LHB Glen Allen Mixon 0-0: Called Strike
0-1: Called Strike
0-2: Ground out 4-3 (Groundball, 4)
Bottom of the 3rd over - 0 runs, 0 hits, 0 errors, 0 left on base; Connetquot 6 - Grim 0
TOP OF THE 4TH
Connetquot Chiefs batting - Pitching for Grim Reapers : RHP Manny Sandoval
Batting: RHB Heherson Inaris 0-0: Foul Ball, location: 2F
0-1: Ball
1-1: Ball
2-1: Ball
3-1: SOLO HOME RUN (Flyball, 7D), Distance : 374 ft
Batting: RHB Dan Chrzan 0-0: Swinging Strike
0-1: SINGLE (Groundball, 56D)
Batting: LHB Brad Mosley 0-0: Called Strike
0-1: Called Strike
0-2: Ball
1-2: Strikes out swinging
Batting: RHB Héctor Amaya 0-0: Called Strike
0-1: Ball
1-1: Fielders Choice at 2nd, 6-4 (Groundball, 6M)
Batting: LHB Travis Grigor 0-0: Fielders Choice at 2nd, U4 (Groundball, 4M)
Top of the 4th over - 1 run, 2 hits, 0 errors, 1 left on base; Connetquot 7 - Grim 0
BOTTOM OF THE 4TH
Grim Reapers batting - Pitching for Connetquot Chiefs : RHP Ed Molloy
Batting: RHB Milos Jaksch 0-0: Ball
1-0: Fly out, F8 (Flyball, 8LS)
Batting: RHB Mun-wah Law 0-0: Ball
1-0: DOUBLE (Line Drive, 9LS)
Batting: RHB Mason Congdon 0-0: Swinging Strike
0-1: Foul Ball, location: 2F
0-2: Strikes out swinging
Batting: SHB Fernando Rincón 0-0: Foul Ball, location: 2F
0-1: Foul Ball, location: 2F
0-2: Fly out, F9 (Flyball, 9LSF)
Bottom of the 4th over - 0 runs, 1 hit, 0 errors, 1 left on base; Connetquot 7 - Grim 0
TOP OF THE 5TH
Connetquot Chiefs batting - Pitching for Grim Reapers : RHP Manny Sandoval
Batting: LHB Carlos Campos 0-0: Fly out, F9 (Flyball, 9S)
Batting: RHB Jeff Perkins 0-0: Foul Ball, location: 2F
0-1: Foul Ball, location: 2F
0-2: Ball
1-2: Ground out 1-3 (Groundball, 15S)
Batting: LHB Govaart Pleijt 0-0: Called Strike
0-1: SINGLE (Flyball, 8LS)
Batting: RHB Domingo Morín 0-0: Called Strike
0-1: Ball
1-1: Fly out, F3 (Popup, 3L)
Top of the 5th over - 0 runs, 1 hit, 0 errors, 1 left on base; Connetquot 7 - Grim 0
BOTTOM OF THE 5TH
Grim Reapers batting - Pitching for Connetquot Chiefs : RHP Ed Molloy
Batting: RHB Keohi Iese 0-0: Ground out 6-3 (Groundball, 6)
Batting: RHB Harlan Thompson 0-0: Foul Ball, location: 2F
0-1: Ball
1-1: SINGLE (Line Drive, 5D)
Batting: RHB Joe Rodgers 0-0: Called Strike
0-1: Ball
1-1: Ball
2-1: Swinging Strike
2-2: Foul Ball, location: 2F
2-2: Strikes out looking
Batting: RHB Dolla Head 0-0: Ball
1-0: Fly out, F8 (Flyball, 8RD)
Bottom of the 5th over - 0 runs, 1 hit, 0 errors, 1 left on base; Connetquot 7 - Grim 0
TOP OF THE 6TH
Connetquot Chiefs batting - Pitching for Grim Reapers : RHP Manny Sandoval
Batting: RHB Heherson Inaris 0-0: Swinging Strike
0-1: Foul Ball, location: 2F
0-2: Strikes out swinging
Batting: RHB Dan Chrzan 0-0: Swinging Strike
0-1: SINGLE (Flyball, 8LS)
Batting: LHB Brad Mosley 0-0: Ball
1-0: Foul Ball, location: 2F
1-1: Ball
2-1: Ball
3-1: Fly out, F4 (Popup, 4S)
Batting: RHB Héctor Amaya Pickoff Throw to First - Out!
Top of the 6th over - 0 runs, 1 hit, 0 errors, 0 left on base; Connetquot 7 - Grim 0
BOTTOM OF THE 6TH
Grim Reapers batting - Pitching for Connetquot Chiefs : RHP Ed Molloy
Batting: LHB Glen Allen Mixon 0-0: Fly out, F4 (Flyball, 4D)
Batting: RHB Milos Jaksch 0-0: Ground out 6-3 (Groundball, 6)
Batting: RHB Mun-wah Law 0-0: Called Strike
0-1: Ball
1-1: Fly out, F8 (Flyball, 78D)
Bottom of the 6th over - 0 runs, 0 hits, 0 errors, 0 left on base; Connetquot 7 - Grim 0
TOP OF THE 7TH
Connetquot Chiefs batting - Pitching for Grim Reapers : RHP Manny Sandoval
Batting: RHB Héctor Amaya 0-0: Called Strike
0-1: Foul Ball, location: 2F
0-2: Strikes out swinging
Batting: LHB Travis Grigor 0-0: Ball
1-0: Called Strike
1-1: Swinging Strike
1-2: Ball
2-2: Foul Ball, location: 2F
2-2: Foul Ball, location: 2F
2-2: Strikes out looking and he ARGUES THE CALL AND IS TOSSED!
Batting: LHB Carlos Campos 0-0: Ball
1-0: Ball
2-0: Ground out 4-3 (Groundball, 4)
Top of the 7th over - 0 runs, 0 hits, 0 errors, 0 left on base; Connetquot 7 - Grim 0
BOTTOM OF THE 7TH
Grim Reapers batting - Pitching for Connetquot Chiefs : RHP Ed Molloy
Now in LF: Bert Rosenwinkel
Batting: RHB Mason Congdon 0-0: Called Strike
0-1: Swinging Strike
0-2: Ball
1-2: Fly out, F8 (Flyball, 8LD)
Batting: SHB Fernando Rincón 0-0: Foul Ball, location: 2F
0-1: Ball
1-1: Ball
2-1: Ball
3-1: Ground out 6-3 (Groundball, 6)
Batting: RHB Keohi Iese 0-0: Ball
1-0: Foul Ball, location: 2F
1-1: Ball
2-1: Fly out, F9 (Flyball, 89D)
Bottom of the 7th over - 0 runs, 0 hits, 0 errors, 0 left on base; Connetquot 7 - Grim 0
TOP OF THE 8TH
Connetquot Chiefs batting - Pitching for Grim Reapers : RHP Manny Sandoval
Pitching: RHP Fernando Fernández
Batting: RHB Jeff Perkins 0-0: Foul Ball, location: 2F
0-1: Foul Ball, location: 2F
0-2: Ball
1-2: Ball
2-2: Ball
3-2: Foul Ball, location: 2F
3-2: Ground out 6-3 (Groundball, 6)
Batting: LHB Govaart Pleijt 0-0: Swinging Strike
0-1: SINGLE (Line Drive, 6D)
Batting: RHB Domingo Morín 0-0: Ball
1-0: Ball
2-0: Foul Ball, location: 2F
2-1: Called Strike
Govaart Pleijt steals 2nd base
2-2: Fly out, F7 (Flyball, 7S)
Batting: RHB Heherson Inaris 0-0: Ball
1-0: Called Strike
1-1: Foul Ball, location: 2F
1-2: Ball
2-2: Strikes out swinging
Top of the 8th over - 0 runs, 1 hit, 0 errors, 1 left on base; Connetquot 7 - Grim 0
BOTTOM OF THE 8TH
Grim Reapers batting - Pitching for Connetquot Chiefs : RHP Ed Molloy
Now at 3B: Peter Geib
Batting: RHB Harlan Thompson 0-0: Called Strike
0-1: Foul Ball, location: 2F
0-2: SINGLE (Groundball, 4MD)
Batting: RHB Joe Rodgers 0-0: Ball
1-0: Called Strike
1-1: Called Strike
1-2: Ball
2-2: Strikes out swinging
Batting: RHB Dolla Head 0-0: Ball
1-0: Foul Ball, location: 2F
1-1: Swinging Strike
1-2: Grounds into double play, 5-4-3 (Groundball, 56)
Bottom of the 8th over - 0 runs, 1 hit, 0 errors, 0 left on base; Connetquot 7 - Grim 0
TOP OF THE 9TH
Connetquot Chiefs batting - Pitching for Grim Reapers : RHP Fernando Fernández
Batting: RHB Dan Chrzan 0-0: Swinging Strike
0-1: Called Strike
0-2: Ball
1-2: Strikes out swinging
Batting: LHB Brad Mosley 0-0: Called Strike
0-1: Ball
1-1: Ground out 6-3 (Groundball, 6S)
Pinch Hitting: RHB Louie Trimboli 0-0: Fly out, F8 (Flyball, 8LM)
Top of the 9th over - 0 runs, 0 hits, 0 errors, 0 left on base; Connetquot 7 - Grim 0
BOTTOM OF THE 9TH
Grim Reapers batting - Pitching for Connetquot Chiefs : RHP Ed Molloy
Now at 2B: Louie Trimboli
Batting: LHB Glen Allen Mixon 0-0: Foul Ball, location: 2F
0-1: Ball
1-1: Swinging Strike
1-2: Foul Ball, location: 2F
1-2: TRIPLE (Line Drive, 8LXD)
Batting: RHB Milos Jaksch 0-0: Called Strike
0-1: Swinging Strike
0-2: Ball
1-2: Strikes out swinging
Batting: RHB Mun-wah Law 0-0: Ball
1-0: Ball
2-0: Called Strike
2-1: Fly out, F4 (Line Drive, 4)
Batting: RHB Mason Congdon 0-0: Foul Ball, location: 2F
0-1: Called Strike
0-2: Strikes out swinging
Bottom of the 9th over - 0 runs, 1 hit, 0 errors, 1 left on base; Connetquot 7 - Grim 0
Sunday, March 18th, 2018 - OOTP Baseball 18.8 Build 76